 Dungeon Crawl Stone Soup version 0.26-a0-810-ge1a9524b62 (webtiles) character file.

Game seed: 11487084654255861078

42 marklar909 the Digger (level 3, -2/26 HPs)
             Began as a Draconian Earth Elementalist on Nov 13, 2020.
             Slain by an orc
             ... wielding a +0 mace
              (8 damage)
             ... on level 1 of the Dungeon.
             The game lasted 00:02:17 (1951 turns).

marklar909 the Digger (DrEE)                        Turns: 1951, Time: 00:02:18

Health: -2/26      AC:  5    Str: 10    XL:     3   Next: 35%
Magic:  6/6        EV: 12    Int: 16    God:
Gold:   84         SH:  0    Dex: 11    Spells: 3/7 levels left

rFire    . . .     SeeInvis .   d - -3 mace (curse)
rCold    . . .     Faith    .   (no shield)
rNeg     . . .     Spirit   .   (armour unavailable)
rPois    .         Reflect  .   (helmet restricted)
rElec    .         Harm     .   (no cloak)
rCorr    .         Rampage  .   (no gloves)
MR       .....                  (no boots)
Stlth    ++........             (no amulet)
HPRegen  0.08/turn              (no ring)
MPRegen  0.10/turn              (no ring)

@: no status effects
A: unfitting armour, cold-blooded, AC +5
a: no special abilities


You were on level 1 of the Dungeon.
You visited 1 branch of the dungeon, and saw 2 of its levels.

You collected 84 gold pieces.

Inventory:

Hand Weapons
 d - a cursed -3 mace (weapon)
 f - a +0 whip
Missiles
 e - 2 poisoned darts (quivered)
Scrolls
 c - a scroll of enchant armour {unknown}
 g - a scroll of amnesia {unknown}
 h - a scroll of fear {unknown}
 k - a scroll of blinking {unknown}
Potions
 a - a potion of degeneration {unknown}
 i - a potion of haste {unknown}
 j - a potion of attraction {unknown}


   Skills:
 + Level 0.1 Throwing
 + Level 2.1 Dodging
 + Level 2.0 Stealth
 + Level 2.5 Spellcasting
   Level 1.0 Transmutations
 + Level 3.6 Earth Magic


You had 3 spell levels left.
You knew the following spells:

 Your Spells              Type           Power        Failure   Level
a - Sandblast             Erth           ##....       4%          1
b - Stone Arrow           Conj/Erth      #.....       28%         3

Your spell library contained the following spells:

 Spells                   Type           Power        Failure   Level
 Passwall                 Tmut/Erth      #.......     12%         2
 Petrify                  Tmut/Erth      #.......     58%         4
 Lee's Rapid Deconstruct  Erth           ##........   77%         5


Dungeon Overview and Level Annotations

Branches:
Dungeon (2/15)

Altars:


Innate Abilities, Weirdness & Mutations

Your plain brown scales are hard. (AC +5)
You cannot fit into any form of body armour.
You are cold-blooded and may be slowed by cold attacks.


Message History

You see here a +2 dagger of speed.
There is an open door here.
An orc is nearby!
Throwing (i - inventory)
e - 5 poisoned darts (quivered)
Press: ? - help, Shift-Dir - straight line, f/p - orc
Aim: an orc, wielding a +0 mace You throw a poisoned dart.
The poisoned dart closely misses the orc.
Throwing (i - inventory)
e - 4 poisoned darts (quivered)
Press: ? - help, Shift-Dir - straight line, f/p - orc
Aim: an orc, wielding a +0 mace You throw a poisoned dart.
The poisoned dart closely misses the orc.
The orc hits you but does no damage.
Throwing (i - inventory)
e - 3 poisoned darts (quivered)
Press: ? - help, Shift-Dir - straight line, f/p - orc
Aim: an orc, wielding a +0 mace You throw a poisoned dart.
The poisoned dart hits the orc.
The orc is poisoned.
The orc hits you with a +0 mace!
You die...

..##.#..####.#................#.#
..##.#..# #...........#..........
.....#..###..#...................
.............#................###
.#.#.#..###..##.####..#.##..#....
...#.#..###..##.# #........#.###
.#.#.#.......##.####..#.##..#.#
.#.#........................#.#
.........(.....o@.....#.#...#.###
......#..........................
........###..##.####..#.#...#.###
.#.#..####..................#.#
........##..................#.#
................#.#.#..##.#.#.###
.............#..#.#.#..#.........
.#.##.#.##.#....#.#.#..#..#.#####
.......................#..#.#


You could see an orc (poisoned).

Vanquished Creatures
  An adder (D:1)
  An ooze (D:1)
  A worm (D:1)
  A dart slug (D:1)
  2 orcs (D:1)
  A giant cockroach (D:1)
  5 goblins
  2 hobgoblins (D:1)
  A bat (D:1)
  5 frilled lizards
  3 kobolds
  A rat (D:1)
24 creatures vanquished.

Notes
Turn   | Place    | Note
-------+----------+-------------------------------------------
     0 | D:1      | marklar909 the Draconian Earth Elementalist began the quest
                  | for the Orb.
     0 | D:1      | Reached XP level 1. HP: 14/14 MP: 3/3
   113 | D:1      | Reached XP level 2. HP: 20/20 MP: 3/5
  1549 | D:1      | Reached XP level 3. HP: 5/26 MP: 3/6
  1825 | D:1      | Learned a level 3 spell: Stone Arrow
  1951 | D:1      | Slain by an orc

Illustrated notes

Levels and vault maps discovered:
D:1:      shiori_arrival_oz, layout_basic
D:2:      layout_basic

Skill      XL: |  1  2 |
---------------+-------+-----
Dodging        | 2 |  2.1
Stealth        | 2 |  2.0
Throwing       | |  0.1
Spellcasting   | |  2.5
Transmutations | |  1.0
Earth Magic    | |  3.6

Action                   || total
-------------------------++-------
Melee: Mace              ||    26
       Tailslap          ||     2
       Unarmed           ||     1
Throw: Dart              ||    30
 Cast: Sandblast         ||    30
Armor: Skin              ||    16
Dodge: Dodged            ||    30

Table legend: (Time is in decaauts)
 A = Elapsed time spent in this place.
 B = Non-inter-level travel time spent in this place.
 C = Inter-level travel time spent in this place.
 D = Time resting spent in this place.
 E = Time spent auto-exploring this place.
 F = Levels seen in this place.
 G = Mean time per level.
                   A        B        C        D        E       F      G
               +--------+--------+--------+--------+--------+-----+--------+
         Total |   1962 |   1894 |     68 |    260 |   1268 |   2 |  981.0 |
       Dungeon |   1962 |   1894 |     68 |    260 |   1268 |   2 |  981.0 |
               +--------+--------+--------+--------+--------+-----+--------+

Top non-repeatable levels by time:
     D:1: 1953 daAuts
     D:2: 8 daAuts
